 Dungeon Crawl Stone Soup version bcrawl-1.13-1-g4ae1fcee6e (webtiles) character file.

Game seed: 18340618454046070058

227 Camlann the Skirmisher (level 5, -1/48 HPs)
             Began as a Demonspawn Archaeologist on July 29, 2019.
             Killed by divine providence
             ... invoked by an orc priest
              (7 damage)
             ... on level 3 of the Dungeon.
             The game lasted 00:10:33 (4051 turns).

Camlann the Skirmisher (Demonspawn Archaeologist)   Turns: 4051, Time: 00:10:34

Health: -1/48      AC: 10    Str: 10 (11) XL:     5   Next: 70%
Magic:  0/5        EV: 13    Int: 14 (15) God:
Gold:   146        SH:  0    Dex: 13      Spells: 4/4 levels left

rFire    . . .     SeeInvis .   a - +0 whip
rCold    . . .     Gourm    .   (no shield)
rNeg     . . .     Faith    .   b - +1 robe
rPois    .         Spirit   +   c - +1 hat
rElec    .         Reflect  .   (no cloak)
rCorr    .         Harm     .   l - +0 pair of gloves
MR       .....                  d - +1 pair of boots
Stlth    ++........             (no amulet)
HPRegen  0.16/turn              (no ring)
MPRegen  0.09/turn              (no ring)

@: studying Fighting
A: yellow scales 2, magic shield
a: no special abilities


You were on level 3 of the Dungeon.
You were not hungry.

You visited 1 branch of the dungeon, and saw 3 of its levels.

You collected 146 gold pieces.


Innate Abilities, Weirdness & Mutations

You are mostly covered in yellow scales. (AC +3)
When hurt, damage is shared between your health and your magic reserves.


   Skills:
 + Level 7.6 Fighting
 - Level 0.8 Maces & Flails
 - Level 2.6 Dodging
 - Level 3.0 Stealth


You had 4 spell levels left.
You didn't know any spells.
Your spell library was empty.

Dungeon Overview and Level Annotations

Branches:
Dungeon (3/12)

Altars:
Cheibriados

Inventory:

Hand Weapons
 a - a +0 whip (weapon)
Armour
 b - a +1 robe (worn)
 c - a +1 hat (worn)
 d - a +1 pair of boots (worn)
 l - a +0 pair of gloves (worn)
   (You found it on level 2 of the Dungeon)
Scrolls
 i - 4 scrolls of identify
 k - 2 scrolls of teleportation
Books
 e - a manual of Fighting {!d}
Miscellaneous
 f - an ancient crate
Comestibles
 g - 4 rations {!d}
 h - a chunk of flesh {@w1}

##### #. #. #. #.
#. # #.
#############.>###
#.
#.........6ol.....
#.
#.################
#. #[# ## #.# #.#
#.# #.# #.# #.#


You could see an orc priest and a leopard gecko.


Message History

The orc priest hits you but does no damage.
You barely miss the orc priest.
The orc priest is lightly wounded.
The orc priest hits you but does no damage.
You hit the orc priest but do no damage.
The orc priest is lightly wounded.
The orc priest closely misses you.
You hit the orc priest.
The orc priest is moderately wounded.
The orc priest invokes the aid of Beogh against you.
Beogh smites you!
You hear an angry hiss.
You barely miss the orc priest.
The orc priest is moderately wounded.
You hit the orc priest.
The orc priest is severely wounded.
The orc priest closely misses you.
You barely miss the orc priest.
The orc priest is severely wounded.
The orc priest hits you with a +0 flail.
You hit the orc priest.
The orc priest is severely wounded.
The orc priest hits you but does no damage.
You hit the orc priest.
The orc priest is severely wounded.
The orc priest invokes the aid of Beogh against you.
Beogh smites you!
You hit the orc priest but do no damage.
The orc priest is severely wounded.
You hit the orc priest.
The orc priest is almost dead.
The orc priest hits you with a +0 flail.
You hit the orc priest but do no damage.
The orc priest is almost dead.
The orc priest mumbles some strange prayers to Beogh against you.
Beogh smites you!
* * * LOW HITPOINT WARNING * * *
You are too injured to fight recklessly!
You are too injured to fight recklessly!
You are too injured to fight recklessly!
You are too injured to fight recklessly!
You are too injured to fight recklessly!
You are too injured to fight recklessly!
You are too injured to fight recklessly!
You are too injured to fight recklessly!
You are too injured to fight recklessly!
You are too injured to fight recklessly!
You are too injured to fight recklessly!
You are too injured to fight recklessly!
You are too injured to fight recklessly!
You completely miss the orc priest.
The orc priest is almost dead.
The orc priest invokes the aid of Beogh against you.
Pain shoots through your body!
You completely miss the orc priest.
The orc priest is almost dead.
You closely miss the orc priest.
The orc priest is almost dead.
The orc priest invokes the aid of Beogh against you.
Beogh smites you!
* * * LOW HITPOINT WARNING * * *
You hit the orc priest but do no damage.
The orc priest is almost dead.
The orc priest hits you with a +0 flail.
* * * LOW HITPOINT WARNING * * *
You barely miss the orc priest.
The orc priest is almost dead.
The orc priest mumbles some strange prayers to Beogh against you.
Beogh smites you!
You die...

Action                   |  1- 3 |  4- 6 || total
-------------------------+-------+-------++-------
Melee: Whip              |   220 |   297 ||   517
  Use: Potion            |     4 |     1 ||     5
       Scroll            |     2 |     2 ||     4
 Stab: Sleeping          |     5 |     6 ||    11
  Eat: Chunk             |     3 |     8 ||    11
Armor: Robe              |    78 |    84 ||   162
       Skin              |    33 |       ||    33
Dodge: Dodged            |   140 |   151 ||   291

Levels and vault maps discovered:
D:1:      nicolae_arrival_somewhat_less_tricky_arrival, layout_loops_corners,
          minmay_pentomino_x4
D:2:      layout_loops_ring, lemuel_round_altar, uniq_robin
D:3:      layout_basic, uniq_natasha

Notes
Turn   | Place    | Note
-------+----------+-------------------------------------------
     0 | D:1      | Camlann the Demonspawn Archaeologist began the quest for
                  | the Orb.
     0 | D:1      | Reached XP level 1. HP: 15/15 MP: 1/1
   309 | D:1      | Reached skill level 2 in Fighting
   328 | D:1      | Gained mutation: When hurt, damage is shared between your
                  | health and your magic reserves. [demonic ancestry]
   328 | D:1      | Reached XP level 2. HP: 22/22 MP: 2/2
   805 | D:1      | Reached skill level 3 in Fighting
   852 | D:1      | Reached XP level 3. HP: 29/29 MP: 3/3
  1059 | D:2      | Noticed Robin
  1412 | D:2      | Reached skill level 4 in Fighting
  1794 | D:2      | Killed Robin
  1794 | D:2      | Gained mutation: You are partially covered in yellow
                  | scales. (AC +2) [demonic ancestry]
  1794 | D:2      | Reached XP level 4. HP: 29/38 MP: 4/4
  1870 | D:2      | Found a snail-covered altar of Cheibriados.
  2156 | D:2      | Reached skill level 5 in Fighting
  2799 | D:3      | Reached skill level 6 in Fighting
  3148 | D:2      | HP: 9/40 [orc priest/nerve-wracking pain (10)]
  3616 | D:2      | Gained mutation: You are mostly covered in yellow scales.
                  | (AC +3) [demonic ancestry]
  3616 | D:2      | Reached XP level 5. HP: 43/46 MP: 5/5
  3694 | D:3      | Reached skill level 7 in Fighting
  4049 | D:3      | HP: 10/48 [orc priest/divine providence (11)]
  4051 | D:3      | Killed from afar by an orc priest

Vanquished Creatures
  An orc priest (D:3)
  2 orc wizards (D:3)
  Robin (D:2)
  3 adders
  A leopard gecko (D:2)
  13 orcs
  5 bats
  4 giant cockroaches
  19 goblins
  9 hobgoblins
  7 jackals
  3 quokkas (D:2)
  4 ball pythons
  2 frilled lizards
  5 kobolds
  11 rats
90 creatures vanquished.
